 Dungeon Crawl Stone Soup version 0.20.1-1-g8b1a95d (webtiles) character file.

395 dreich the Grave Robber (level 6, -4/41 HPs)
             Began as a Mummy Necromancer on July 11, 2017.
             Slain by an ogre
             ... wielding a +0 giant club
              (10 damage)
             ... on level 4 of the Dungeon.
             The game lasted 00:11:18 (4454 turns).

dreich the Grave Robber (Mummy Necromancer)         Turns: 4454, Time: 00:11:18

Health: -4/41      AC:  4    Str: 12    XL:     6   Next: 52%
Magic:  4/11       EV: 12    Int: 16    God:
Gold:   312        SH:  0    Dex: 12    Spells: 3/12 levels left

rFire    x . .     SeeInvis .   l - +2 dagger (pain)
rCold    + . .     Gourm    .   (no shield)
rNeg     + + +     Faith    .   a - +0 robe
rPois    ∞         Spirit   .   j - +1 helmet
rElec    .         Reflect  .   (no cloak)
rCorr    .         Harm     .   (no gloves)
MR       .....                  (no boots)
Stlth    ++........             (no amulet)
Regen    0.2/turn               (no ring)
MPRegen  0.2/turn               (no ring)

@: no status effects
A: no food or potions, fire vulnerability, cold resistance 1, negative energy
resistance 3, torment resistance, unbreathing
a: no special abilities


You were on level 4 of the Dungeon.
You were not hungry.

You visited 1 branch of the dungeon, and saw 4 of its levels.

You collected 312 gold pieces.

Inventory:

Hand Weapons
 d - a +0 mace
 e - a +2 whip of draining
 i - a +3 dagger of distortion
 l - a +2 dagger of pain (weapon)
Missiles
 c - 17 poisoned needles
Armour
 a - a +0 robe (worn)
 j - a +1 helmet (worn)
Scrolls
 f - 2 scrolls of amnesia
 g - a scroll of magic mapping {unknown}
 h - 5 scrolls of identify
 k - a scroll of blinking {unknown}
 m - 2 scrolls of remove curse {unknown}
 n - a scroll of enchant weapon {unknown}
 o - a scroll of fog {unknown}
 p - a scroll of fear {unknown}
 q - a scroll of immolation {unknown}
 r - a scroll of noise {unknown}
Books
 b - a book of Necromancy

   Spells                             Type                      Level
   a - Pain                           Necromancy                   1
   b - Animate Skeleton               Necromancy                   1
   c - Vampiric Draining              Necromancy                   3
   d - Regeneration                   Charms/Necromancy            3
   e - Animate Dead                   Necromancy                   4
   f - Control Undead                 Necromancy                   4


   Skills:
 + Level 2.8 Short Blades
 - Level 1.2 Maces & Flails
 - Level 1.5 Dodging
 - Level 1.5 Stealth
 - Level 3.5 Spellcasting
 + Level 6.3 Necromancy


You had 3 spell levels left.
You knew the following spells:

 Your Spells              Type           Power        Failure   Level  Hunger
a - Pain                  Necr           ###.         1%          1    N/A
b - Animate Skeleton      Necr           N/A          1%          1    N/A
c - Vampiric Draining     Necr           ###.......   3%          3    N/A
d - Animate Dead          Necr           N/A          13%         4    N/A

Dungeon Overview and Level Annotations

Branches:
Dungeon (4/15)
 Temple: D:4-7

Altars:
Elyvilon
Gozag

Annotations:
D:4 Quirk's ghost, amateur HOFi


Innate Abilities, Weirdness & Mutations

You do not eat or drink.
Your flesh is vulnerable to fire.
You are immune to poison.
Your flesh is cold resistant. (rC+)
You are immune to negative energy. (rN+++)
You are immune to unholy pain and torment.
You can survive without breathing.


Message History

Unknown command.
There is an open door here.
Casting: Pain
Confirm with . or Enter, or press ? or * to list all spells.
Aiming: Pain
Press: ? - help, Shift-Dir - straight line, f/p - ogre
Aim: an ogre, wielding a giant club (severely wounded, chance to defeat MR: 83%)
The ogre writhes in agony!
The ogre misses you.
Press: ? - help, v - describe, . - travel
Here: an ogre, wielding a giant club (almost dead)
The floor.
Unknown command.
Unknown command.
Casting: Pain
Confirm with . or Enter, or press ? or * to list all spells.
Aiming: Pain
Press: ? - help, Shift-Dir - straight line, f/p - ogre
Aim: an ogre, wielding a giant club (almost dead, chance to defeat MR: 83%)
The ogre barely resists.
The ogre hits you with a giant club!
You die...

..# #.....#....#)....#
##...... ..#
#.....##'#.......#
#....... ###
#####.....########
#....... ..
....#.....# #.......
### #..'.....#
#.......
####.....#######
#....... #.
#...[.#'##.##[.##
#....... ._.
#.....#.........#
#....... ###.#
#.....#..O@.....#
#....... $...
#.....####'##..##
##..##!.
###.###.######...#####
######..
........#.........#
#.......
........'.........#
#.......
........#.........#
#.......
........#.######..#
######..
##'##+###.####.####
#....#..
................#
#....#..


You could see an ogre.

Vanquished Creatures
  A howler monkey (D:4)
  A jelly (D:4)
  A hound (D:4)
  An iguana (D:4)
  A worker ant (D:4)
  3 gnolls (D:3)
  11 adders
  2 oozes
  An adder skeleton (D:4)
  4 worms
  5 orcs
  8 bats
  3 giant cockroaches
  7 goblins
  8 hobgoblins
  13 jackals
  10 kobolds
  A quokka (D:3)
  2 ball pythons
  11 frilled lizards
  5 rats
99 creatures vanquished.

Vanquished Creatures (collateral kills)
  An orc (D:3)
  A goblin (D:3)
  A bat (D:3)
  A kobold (D:2)
4 creatures vanquished.

Grand Total: 103 creatures vanquished

Notes
Turn   | Place    | Note
-------+----------+-------------------------------------------
     0 | D:1      | dreich the Mummy Necromancer began the quest for the Orb.
     0 | D:1      | Reached XP level 1. HP: 13/13 MP: 4/4
   357 | D:1      | Reached XP level 2. HP: 19/19 MP: 3/5
   923 | D:1      | Reached XP level 3. HP: 24/24 MP: 3/7
  1033 | D:1      | Learned a level 1 spell: Animate Skeleton
  1037 | D:1      | Learned a level 3 spell: Vampiric Draining
  1776 | D:2      | Reached skill level 1 in Maces & Flails
  1802 | D:2      | Reached XP level 4. HP: 30/30 MP: 1/9
  1898 | D:2      | Learned a level 4 spell: Animate Dead
  2275 | D:2      | Reached skill level 5 in Necromancy
  2508 | D:2      | Reached skill level 1 in Short Blades
  2777 | D:3      | Reached XP level 5. HP: 27/35 MP: 0/10
  2933 | D:3      | Found a white marble altar of Elyvilon.
  4056 | D:4      | Noticed Quirk's ghost (amateur HOFi)
  4110 | D:4      | Reached skill level 6 in Necromancy
  4110 | D:4      | Reached XP level 6. HP: 41/41 MP: 5/11
  4429 | D:4      | Found an opulent altar of Gozag.
  4454 | D:4      | Slain by an ogre

Skill      XL: |  1  2  3  4  5 |
---------------+----------------+-----
Spellcasting   | 3 |  3.5
Maces & Flails | 1 |  1.2
Necromancy     | 5 6 |  6.3
Short Blades   | 1 2 |  2.8
Dodging        | |  1.5
Stealth        | |  1.5

Action                   |  1- 3 |  4- 6 || total
-------------------------+-------+-------++-------
Melee: Whip              |    17 |       ||    17
       Dagger            |       |    47 ||    47
 Cast: Pain              |    77 |   135 ||   212
       Animate Dead      |       |     7 ||     7
  Use: Scroll            |       |     3 ||     3
Armor: Robe              |     4 |    20 ||    24
Dodge: Dodged            |    12 |    58 ||    70
